 Dungeon Crawl Stone Soup version 0.28-a0-1518-gbe868bca14 (webtiles) character file.

Game seed: 5492753746446122826

27 issech the Vexing (level 2, 0/16 HPs)
             Began as a Deep Elf Arcane Marksman on Jan 17, 2022.
             Slain by a goblin (3 damage)
             ... led by Robin
             ... on level 1 of the Dungeon.
             The game lasted 00:05:49 (1170 turns).

issech the Vexing (Deep Elf Arcane Marksman)        Turns: 1170, Time: 00:05:51

Health: 0/16       AC:  3    Str:  7    XL:     2   Next: 93%
Magic:  6/6        EV: 12    Int: 17    God:
Gold:   57         SH:  0    Dex: 15    Spells: 3/4 levels left

rFire   . . .      SeeInvis .   a - +0 shortbow
rCold   . . .      Faith    .   (shield currently unavailable)
rNeg    . . .      Spirit   .   f - +0 leather armour
rPois   .          Reflect  .   (no helmet)
rElec   .          Harm     .   (no cloak)
rCorr   .          Rampage  .   (no gloves)
Will    .....                   (no boots)
Stlth   +.........              (no amulet)
HPRegen 0.05/turn               (no ring)
MPRegen 0.10/turn               (no ring)

@: no status effects
A: no striking features
a: no special abilities


You were on level 1 of the Dungeon.
You visited 1 branch of the dungeon, and saw 2 of its levels.

You collected 57 gold pieces.

Inventory:

Hand Weapons
 a - a +0 shortbow (weapon)
 b - a +0 spear
 e - a +0 dagger
 h - a +0 club
 k - a +0 dagger
 l - a +0 club
Missiles
 c - 5 arrows (quivered ammo)
Armour
 d - a +0 robe
 f - a +0 leather armour (worn)
 j - a +0 leather armour
Scrolls
 g - a scroll of identify
Potions
 i - a potion of heal wounds


   Skills:
 + Level 1.1 Fighting
 + Level 3.8 Bows
 + Level 2.5 Dodging
 + Level 0.6 Stealth
 + Level 1.5 Spellcasting
 + Level 4.3 Hexes


You had 3 spell levels left.
You knew the following spells:

 Your Spells              Type           Power      Damage    Failure   Level
a - Slow                  Hex            60%        N/A       5%          1

Your spell library contained the following spells:

 Spells                   Type           Power      Damage    Failure   Level
 Inner Flame              Hex/Fire       8%         N/A       36%         3
 Portal Projectile        Hex/Tloc       16%        N/A       36%         3
 Cause Fear               Hex            7%         N/A       45%         4


Dungeon Overview and Level Annotations

Branches:
Dungeon (2/15)

Altars:

Annotations:
D:2 Robin


Message History

There is a stone staircase leading down here.
You climb downwards.
The goblin shouts!
The hobgoblin hits you. The goblin hits you with a +0 dagger.
The hobgoblin closely misses you.
A goblin comes into view. It is wielding a +0 dagger.
There is a stone staircase leading up here.
Fire: 10 arrows
Press: ? - help, Q - select action, (/) - cycle Shift-Dir - straight line, f - hobgoblin
Aim: a hobgoblin (59% to hit)
You shoot an arrow. The arrow hits the hobgoblin.
The hobgoblin is heavily wounded.
The hobgoblin hits you. The goblin hits you with a +0 dagger.
The hobgoblin hits you.
You climb upwards.
There is a stone staircase leading down here.
Fire: 9 arrows
Press: ? - help, Q - select action, (/) - cycle Shift-Dir - straight line, f - hobgoblin
Aim: a hobgoblin (heavily wounded, 59% to hit)
You shoot an arrow. The arrow hits the hobgoblin.
The hobgoblin is severely wounded.
The goblin closely misses you. The hobgoblin closely misses you.
Fire: 8 arrows
Press: ? - help, Q - select action, (/) - cycle Shift-Dir - straight line, f/p - hobgoblin
Aim: a hobgoblin (severely wounded, 59% to hit)
You shoot an arrow. The arrow hits the hobgoblin!
You kill the hobgoblin!
The goblin hits you with a +0 dagger.
Fire: 7 arrows
Press: ? - help, Q - select action, (/) - cycle Shift-Dir - straight line, f - goblin
Aim: a goblin, wielding a +0 dagger (51% to hit)
You shoot an arrow. The arrow barely misses the goblin.
The goblin hits you with a +0 dagger.
* * * LOW HITPOINT WARNING * * *
Fire: 6 arrows
Press: ? - help, Q - select action, (/) - cycle Shift-Dir - straight line, f/p - goblin
Aim: a goblin, wielding a +0 dagger (51% to hit)
You shoot an arrow. The arrow barely misses the goblin.
The goblin hits you with a +0 dagger.
You die...

#.......# #.....
#.......# #.....
#.......# #.....
#.......# #.....
#.......###### #.....
#.......##...#####.....
#.......('...'.........
##....†(g##...#####.....
#......@......'.........
#......###....########..
#......# #....# #..
#......# #....##### #..
#......# #........# #..
#......# #.###....# ###
#......# #.# #....######
#......###.###........##
#......'.....'........##


You could see a goblin.

Vanquished Creatures
  A dart slug (D:1)
  2 ball pythons (D:1)
  2 bats (D:1)
  An endoplasm (D:2)
  2 giant cockroaches (D:1)
  3 goblins
  3 hobgoblins
  A kobold (D:1)
  3 quokkas (D:1)
  A frilled lizard (D:1)
  2 rats (D:1)
21 creatures vanquished.

Notes
Turn   | Place    | Note
-------+----------+-------------------------------------------
     0 | D:1      | issech the Deep Elf Arcane Marksman began the quest for the
                  | Orb.
     0 | D:1      | Reached XP level 1. HP: 11/11 MP: 5/5
    41 | D:1      | Reached skill level 1 in Fighting
   338 | D:1      | Reached XP level 2. HP: 9/16 MP: 6/6
  1165 | D:2      | Noticed Robin
  1170 | D:1      | Slain by a goblin

Illustrated notes

Levels and vault maps discovered:
D:1:      minmay_arrival_glassed_features, layout_basic
D:2:      layout_loops_cross, shapermc_ecumenical_altar_rom_forum, uniq_robin

Skill      XL: |  1 |
---------------+----+-----
Bows           | 3 |  3.8
Fighting       | 1 |  1.1
Dodging        | |  2.5
Stealth        | |  0.6
Spellcasting   | |  1.5
Hexes          | |  4.3

Action                   || total
-------------------------++-------
 Fire: Shortbow          ||    64
  Use: Scroll            ||     3
Armor: Robe              ||     3
       Leather armour    ||     3
Dodge: Dodged            ||    27

Table legend: (Time is in decaauts)
 A = Elapsed time spent in this place.
 B = Non-inter-level travel time spent in this place.
 C = Inter-level travel time spent in this place.
 D = Time resting spent in this place.
 E = Time spent auto-exploring this place.
 F = Levels seen in this place.
 G = Mean time per level.
                   A        B        C        D        E       F      G
               +--------+--------+--------+--------+--------+-----+--------+
         Total |   1179 |   1179 |      0 |    278 |    288 |   2 |  589.5 |
       Dungeon |   1179 |   1179 |      0 |    278 |    288 |   2 |  589.5 |
               +--------+--------+--------+--------+--------+-----+--------+

Top non-repeatable levels by time:
     D:1: 1166 daAuts
     D:2: 13 daAuts
